 Dungeon Crawl Stone Soup version 0.29.1-1-gd02db6906a (webtiles) character file.

Game seed: 12414940837237547460

148 Descartes the Chiller (level 5, 0/22 HPs)
             Began as a Felid Wanderer on Oct 11, 2022.
             Was an Initiate of Vehumet.
             Slain by a gnoll
             ... wielding a +0 spear of freezing
              (1 damage)
             ... on level 3 of the Dungeon.
             The game lasted 00:12:01 (4691 turns).

Descartes the Chiller (Felid Wanderer)              Turns: 4691, Time: 00:12:02

Health: 0/22       AC:  1    Str: 10    XL:     5   Next: 8%
Magic:  4/7        EV: 17    Int: 13    God:    Vehumet [......]
Gold:   232        SH:  0    Dex: 16    Spells: 4/6 levels left
                                        Lives:  0   Deaths: 1

rFire   . . .      SeeInvis +     - Unarmed
rCold   . . .      Faith    .   (shield unavailable)
rNeg    . . .      Spirit   .   (body armour unavailable)
rPois   .          Reflect  .   (helmet unavailable)
rElec   .          Harm     .   (cloak unavailable)
rCorr   .          Rampage  .   (gloves unavailable)
Will    .....                   (boots unavailable)
Stlth   ++........              (no amulet)
HPRegen 0.07/turn               d - ring of flight
MPRegen 0.10/turn               (no ring)

@: flying, very slightly contaminated, quick
A: very small, claws 1, fangs 3, see invisible, speed 1, shaggy fur 1, stealthy
paws, no weapons or thrown items, no armour, multi-lived
a: Renounce Religion


You were on level 3 of the Dungeon.
You worshipped Vehumet.
Vehumet was noncommittal.
You visited 1 branch of the dungeon, and saw 3 of its levels.

You collected 232 gold pieces.

Inventory:

Jewellery
 d - a ring of flight (left paw)
Wands
 k - a wand of flame (25)
Scrolls
 c - 3 scrolls of blinking {unknown}
 e - 3 scrolls of magic mapping {unknown}
 h - 2 scrolls of identify {unknown}
 j - a scroll of butterflies {unknown}
Potions
 a - 2 potions of lignification
 b - a potion of attraction
 f - a potion of heal wounds {unknown}
 g - a potion of berserk rage {unknown}
 i - a potion of haste {unknown}


   Skills:
 - Level 1.0 Fighting
 + Level 3.0 Dodging
 + Level 3.2 Stealth
 + Level 2.1 Unarmed Combat
 - Level 1.0 Spellcasting
 + Level 1.1 Conjurations
 + Level 1.8 Translocations
 + Level 1.5 Transmutations
 + Level 4.7 Ice Magic
 + Level 0.8 Air Magic
 + Level 1.3 Poison Magic
 + Level 1.3 Evocations


You had 4 spell levels left.
You knew the following spells:

 Your Spells              Type           Power      Damage    Failure   Level
a - Freeze                Ice            52%        1d7       4%          1
b - Shock                 Conj/Air       12%        1d3       19%         1

Your spell library contained the following spells:

 Spells                   Type           Power      Damage    Failure   Level
 Ozocubu's Armour         Ice            13%        N/A       12%         3
 Swiftness                Air            2%         N/A       52%         3
 Summon Ice Beast         Ice/Summ       6%         N/A       71%         4
 Airstrike                Air            1%         2d(1-17)  90%         4


Dungeon Overview and Level Annotations

Branches:
Dungeon (3/15)

Altars:
Hepliaklqana
Vehumet

Shops:
D:2 *


Innate Abilities, Weirdness & Mutations

You have sharp claws.
You have razor-sharp teeth.
You have supernaturally acute eyesight. (SInv)
You cover ground quickly. (Speed+)
You are covered in fur. (AC +1)
Your paws help you pounce on unaware monsters.
You are incapable of wielding weapons or throwing items.
You cannot wear armour.
You gain extra lives every three experience levels.


Message History

There is a stone staircase leading down here.
Your magical contamination has completely faded away.
Magic restored.
HP restored.
Done exploring.
You fly downwards.
There is a stone staircase leading up here.
The gnoll hits you from afar with a +0 spear of freezing!
The gnoll freezes you.
The gnoll hits you with a +0 spear of freezing.
* * * LOW HITPOINT WARNING * * *
The gnoll freezes you.
* * * LOW HITPOINT WARNING * * *
You see here a +0 spear.
Casting: Shock (safe; 19% risk of failure)
Confirm with . or Enter, or press ? or * to list all spells.
Aiming: Freeze (safe; 4% risk of failure)
Press: ? - help, Shift-Dir - straight line, f - gnoll
Aim: a gnoll, wielding a +0 spear of freezing You freeze the gnoll.
The gnoll is moderately wounded.
The gnoll closely misses you.
Casting: Freeze (safe; 4% risk of failure)
Confirm with . or Enter, or press ? or * to list all spells.
Aiming: Freeze (safe; 4% risk of failure)
Press: ? - help, Shift-Dir - straight line, f/p - gnoll
Aim: a gnoll, wielding a +0 spear of freezing (moderately wounded)
You freeze the gnoll.
The gnoll is moderately wounded.
The gnoll completely misses you.
Casting: Freeze (safe; 4% risk of failure)
Confirm with . or Enter, or press ? or * to list all spells.
Aiming: Freeze (safe; 4% risk of failure)
Press: ? - help, Shift-Dir - straight line, f/p - gnoll
Aim: a gnoll, wielding a +0 spear of freezing (moderately wounded)
You miscast Freeze.
You are very lightly contaminated with residual magic.
Nothing appears to happen.
The gnoll hits you with a +0 spear of freezing.
You die...

...# ##.#.##
#...#.#.#.########..
...# #.###.#
#...#.#............#
...# ##.#.##
#.....####......)###
...# #.#.#.#
###...####.###...#
...# ##.#.##
#.....##...# #.###
...# #.###.#
###.#..#.#.###.#
...# ##.#.##
#.#...)........###
#.#.#
#.)....###.#.....#
##.#.## #<.@g..#
#.......# #.###.#
#......# #.......#
##.#.## #......#
#.#.....### #.#.#
######## #..........
##.#.## #.......†..
#.###.# #.###...##.
##.#.## #.# #...##.
#.#.# #.# #..>##.
##.#.##
##########.####.###.


You could see a gnoll.

Vanquished Creatures
  A hound (D:3)
  An orc wizard (D:2)
  3 adders
  4 gnolls
  A worm (D:2)
  3 dart slugs
  10 orcs
  9 bats
  3 endoplasms
  3 giant cockroaches
  7 goblins
  3 hobgoblins
  9 jackals
  6 quokkas
  5 ball pythons
  2 frilled lizards
  6 kobolds
  3 rats (D:1)
79 creatures vanquished.

Notes
Turn   | Place    | Note
-------+----------+-------------------------------------------
     0 | D:1      | Descartes the Felid Wanderer began the quest for the Orb.
     0 | D:1      | Descartes set off with the following items: a potion of
                  | lignification, a potion of attraction; and the following
                  | spell memorised: Freeze; and the following spells available
                  | to memorise: Ozocubu's Armour, Summon Ice Beast.
     0 | D:1      | Reached XP level 1. HP: 9/9 MP: 3/3
   212 | D:1      | Reached XP level 2. HP: 12/12 MP: 2/4
   712 | D:1      | Reached XP level 3. HP: 15/15 MP: 2/5
  1275 | D:2      | You are sucked into a shaft and drop 1 floor!
  1430 | D:2      | Found Xekhlas's General Store.
  1448 | D:2      | Found a hazy altar of Hepliaklqana.
  1532 | D:2      | Reached XP level 4. HP: 18/19 MP: 2/6
  1730 | D:2      | Learned a level 1 spell: Shock
  2186 | D:3      | Reached skill level 1 in Transmutations
  2195 | D:3      | Reached skill level 1 in Translocations
  2415 | D:3      | Reached skill level 1 in Poison Magic
  2701 | D:3      | Reached skill level 1 in Evocations
  2822 | D:3      | Found a radiant altar of Vehumet.
  2834 | D:3      | Became a worshipper of Vehumet
  3266 | D:3      | Reached XP level 5. HP: 22/22 MP: 4/7
  3412 | D:3      | Reached skill level 1 in Conjurations
  3522 | D:2      | Slain by an orc wizard
  3523 | D:2      | Reached XP level 4. HP: 0/19 MP: 6/6
  4474 | D:3      | Reached XP level 5. HP: 22/22 MP: 0/7
  4688 | D:3      | HP: 1/22 [gnoll/+0 spear of freezing (2)]
  4691 | D:3      | Slain by a gnoll

Illustrated notes

Levels and vault maps discovered:
D:1:      dpeg_arrival_yet_another_circle, layout_basic, minmay_pentomino_z2
D:2:      layout_loops_ring, serial_shops, shop, basic_altar
D:3:      lemuel_castle_with_subvaults [lemuel_castle_interior_original],
          layout_basic, vehumet_altar_wand_db, minivault_27,
          roderic_roman_lattice

Skill      XL: |  1  2  3  4  5 |
---------------+----------------+-----
Stealth        | 2 3 |  3.2
Dodging        | 2 3 |  3.0
Transmutations | 1 |  1.5
Translocations | 1 |  1.8
Poison Magic   | 1 |  1.3
Evocations     | 1 |  1.3
Unarmed Combat | 2 |  2.1
Conjurations   | 1 |  1.1
Fighting       | |  1.0
Spellcasting   | |  1.0
Ice Magic      | |  4.7
Air Magic      | |  0.8

Action                   |  1- 3 |  4- 6 || total
-------------------------+-------+-------++-------
Melee: Unarmed           |    20 |    50 ||    70
       Bite              |       |     5 ||     5
 Cast: Freeze            |    46 |    46 ||    92
       Shock             |       |    59 ||    59
 Stab: Sleeping          |     8 |     4 ||    12
Armor: Skin              |     3 |     2 ||     5
Dodge: Dodged            |    37 |    82 ||   119
